 Dungeon Crawl Stone Soup version 0.30-a0-174-gbc10bd73c2 (webtiles) character file.

Game seed: 632587576767159451

3106 qw the Cleaver (level 9, -4/57 HPs)
             Began as a Gargoyle Fighter on Oct 1, 2022.
             Was a Believer of Okawaru.
             Slain by Sonja
             ... wielding a +2 short sword of distortion
              (5 damage)
             ... on level 1 of the Lair of Beasts.
             The game lasted 00:03:31 (8393 turns).

qw the Cleaver (Gargoyle Fighter)                   Turns: 8393, Time: 00:03:31

Health: -4/57      AC: 25    Str: 30    XL:     9   Next: 90%
Magic:  11/12      EV: 10    Int:  9    God:    Okawaru [**....]
Gold:   397        SH:  5    Dex:  9    Spells: 8/8 levels left

rFire   + . .      SeeInvis .    Y - +2 war axe
rCold   . . .      Faith    .    c - +0 buckler
rNeg    + + .      Spirit   .    p - +3 chain mail {rN+}
rPois   inf        Reflect  .    (no helmet)
rElec   +          Harm     .    b - +0 cloak
rCorr   .          Rampage  .    i - +0 pair of gloves
Will    .....                    m - +0 pair of boots
Stlth   ..........               (no amulet)
HPRegen 0.29/turn                h - +6 ring of strength
MPRegen 0.13/turn                r - ring of protection from fire

@: heroic
A: sickness immunity, AC +6, negative energy resistance 1, electricity
resistance, torment resistance 1, petrification resistance
a: Renounce Religion, Heroism


You were on level 1 of the Lair of Beasts.
You worshipped Okawaru.
Okawaru was pleased with you.
You visited 2 branches of the dungeon, and saw 9 of its levels.
You also visited: Sewer.

You collected 513 gold pieces.
You spent 116 gold pieces at shops.


Innate Abilities, Weirdness & Mutations

You are immune to sickness and miasma.
Your stone body is resilient. (AC +6)
You are immune to poison.
You resist negative energy. (rN+)
You are resistant to electric shocks. (rElec)
You are resistant to unholy torment.
You are immune to petrification.


   Skills:
 - Level 7.0(12.0) Fighting
 + Level 9.7(14.7) Axes
 - Level 1.2(6.2) Throwing
 - Level 5.1(10.1) Armour
 - Level 1.9(6.9) Dodging
 - Level 4.1(9.1) Shields
 - Level 4.0 Invocations


You had 8 spell levels left.
You didn't know any spells.
Your spell library was empty.

Inventory:

Hand Weapons
 s - a +0 morningstar
 Y - a +2 war axe (weapon)
Missiles
 f - 8 boomerangs (quivered)
Armour
 b - a +0 cloak (worn)
 c - a +0 buckler (worn)
 i - a +0 pair of gloves (worn)
 m - a +0 pair of boots (worn)
 p - a +3 chain mail of positive energy (worn)
Jewellery
 h - a +6 ring of strength (left hand)
 o - a ring of fire
 r - a ring of protection from fire (right hand)
Scrolls
 j - 4 scrolls of identify
Potions
 a - a potion of cancellation
 d - a potion of might
 e - 5 potions of curing
 g - 2 potions of magic
 k - 3 potions of haste

Dungeon Overview and Level Annotations

Branches:
Dungeon (8/15)             Temple (0/1) D:6            Lair (1/5) D:8
  Sewer (visited)

Altars:
Ashenzari
Elyvilon
Fedhas
Hepliaklqana
Kikubaaqudgha
Okawaru
Qazlal
Wu Jian
Yredelemnul
Zin

Shops:
D:4 =   D:5 [   D:6 =

Annotations:
D:6 1 runed translucent door, Crazy Yiuf
Lair:1 Sonja


Message History

You block Sonja's attack. Sonja hits you but does no damage.
Space warps around you. You block the wolf's attack.
You closely miss the wolf.
The wolf is heavily wounded.
You miss Sonja. You barely miss the wolf.
The wolf bites you but does no damage. You block the wolf's attack.
Sonja hits you but does no damage. Space warps around you!
Sonja hits you but does no damage. Space warps around you.
Sonja hits you but does no damage. Space warps around you.
The wolf barely misses you.
8389 ||| DRINKING potion of heal wounds.
You feel much better. The wolf barely misses you.
The wolf bites you but does no damage. Sonja completely misses you.
Sonja hits you but does no damage. Space warps around you.
Sonja hits you but does no damage. The wolf bites you but does no damage.
The wolf barely misses you.
You slice the wolf!!
You kill the wolf!
Okawaru accepts your kill.
You slash Sonja! You closely miss the wolf. You block Sonja's attack.
Sonja hits you but does no damage. Space warps around you.
Sonja hits you but does no damage. Space warps around you.
The wolf bites you but does no damage.
You slash Sonja!
Sonja is severely wounded.
You barely miss the wolf. Sonja hits you but does no damage.
Space warps horribly around you! Sonja misses you. Sonja barely misses you.
You block the wolf's attack.
You closely miss Sonja.
Sonja is severely wounded.
You closely miss the wolf.
Sonja hits you with a +2 short sword of distortion.
Space warps around you. You block Sonja's attack.
Sonja hits you but does no damage. Space warps around you. The wolf bites you.
You completely miss Sonja.
Sonja is severely wounded.
You slash the wolf! You block the wolf's attack.
Sonja hits you with a +2 short sword of distortion.
You die...

...............
...............
............~~~
............~#
............~#
............~#
.......%K...~#
......h@.....#
...............
....)..........
...............
....(..........
....:..........
...............
...............


You could see Sonja and a wolf.

Vanquished Creatures
  Prince Ribbit (D:6)
  Eustachio (D:3)
  2 wargs (D:8)
  A water moccasin (D:6)
  Duvessa (D:4)
  An ice beast (D:7)
  2 orc warriors (D:8)
  2 sky beasts (D:7)
  2 wolves (Lair:1)
  4 kobold brigands
  3 phantoms
  2 bullfrogs
  3 necrophages
  3 scorpions
  Dowan (D:4)
  An orc priest (D:8)
  2 jellies (D:5)
  A gnoll bouda (D:5)
  2 hounds
  2 iguanas
  An orc wizard (D:5)
  3 gnolls (D:5)
  10 adders
  5 river rats
  3 shadow imps (D:6)
  3 white imps
  2 ufetubi (D:6)
  4 worms
  A dart slug (D:4)
  34 orcs
  8 endoplasms
  7 giant cockroaches
  11 goblins
  7 hobgoblins
  8 jackals
  22 kobolds
  8 quokkas
  13 ball pythons
  6 bats (D:1)
  2 frilled lizards (D:2)
  14 rats
  A spectral orc (D:3)
210 creatures vanquished.

Vanquished Creatures (others)
  4 demonic plants (D:6)
  4 plants
8 creatures vanquished.

Grand Total: 218 creatures vanquished

Notes
Turn   | Place    | Note
-------+----------+-------------------------------------------
     0 | D:1      | qw the Gargoyle Fighter began the quest for the Orb.
     0 | D:1      | Reached XP level 1. HP: 14/14 MP: 1/1
     0 | D:1      | 0 ||| qw: Version: 0.2-a-13-gfc7b4b4
     0 | D:1      | 0 ||| qw: Game counter: 1929
     0 | D:1      | 0 ||| qw: Always use a shield: true
     0 | D:1      | 0 ||| qw: God list: Okawaru
     0 | D:1      | 0 ||| qw: Allow faded altars: false
     0 | D:1      | 0 ||| qw: Do Orc after D:15 true
     0 | D:1      | 0 ||| qw: Do second Lair branch before Depths: true
     0 | D:1      | 0 ||| qw: Lair rune preference: random
     0 | D:1      | 0 ||| qw: Plans: Normal, Zot:1-4, God:TSO, Crypt, Tomb,
                  | Pan, Slime:5, Hells, Abyss, Orb
     0 | D:1      | 0 ||| PLANNING D:1-11
    22 | D:1      | Reached skill level 2 in Axes
    88 | D:1      | 88 ||| Stepping ~*~*~tactically~*~*~ (stealth).
   108 | D:1      | Reached XP level 2. HP: 19/19 MP: 2/2
   196 | D:1      | 196 ||| Stepping ~*~*~tactically~*~*~ (stealth).
   285 | D:1      | 285 ||| Stepping ~*~*~tactically~*~*~ (stealth).
   293 | D:1      | Reached skill level 3 in Axes
   429 | D:1      | Reached XP level 3. HP: 23/23 MP: 3/3
   818 | D:1      | 818 ||| Stepping ~*~*~tactically~*~*~ (stealth).
   819 | D:1      | 819 ||| Stepping ~*~*~tactically~*~*~ (stealth).
   827 | D:1      | 827 ||| DROPPING +0 club.
   854 | D:1      | 854 ||| UPGRADING to +0 pair of gloves.
   859 | D:1      | 859 ||| UPGRADING to +6 ring of strength.
   860 | D:1      | 860 ||| READING scroll labelled TYUR MIERIBU.
   861 | D:1      | 861 ||| READING scroll labelled EPITOTYTOSM.
   862 | D:1      | 862 ||| READING scroll labelled GYPPER BOECKUROR.
   863 | D:1      | 863 ||| READING scroll labelled EXOTOE TIUGUPS.
   864 | D:1      | 864 ||| DRINKING 2 ruby potions.
   865 | D:1      | 865 ||| DRINKING 2 coppery potions.
  1130 | D:2      | 1130 ||| Stepping ~*~*~tactically~*~*~ (stealth).
  1516 | D:2      | Reached XP level 4. HP: 28/28 MP: 4/4
  1536 | D:2      | 1536 ||| DROPPING +0 whip.
  1745 | D:2      | 1745 ||| READING scroll labelled PUGERA LAWY.
  1846 | D:2      | 1846 ||| READING scroll labelled LIYSSU ERUMOTA.
  1850 | D:2      | 1850 ||| READING scroll labelled VIS CEATURPHO MUOW.
  1866 | D:3      | 1866 ||| PLANNING SEWER
  1890 | D:3      | Reached skill level 4 in Axes
  1965 | D:3      | 1965 ||| Stepping ~*~*~tactically~*~*~ (stealth).
  1967 | D:3      | 1967 ||| Stepping ~*~*~tactically~*~*~ (stealth).
  1970 | D:3      | 1970 ||| Stepping ~*~*~tactically~*~*~ (stealth).
  1976 | D:3      | 1976 ||| Stepping ~*~*~tactically~*~*~ (stealth).
  1978 | D:3      | 1978 ||| Stepping ~*~*~tactically~*~*~ (hiding).
  2052 | D:3      | Found a basalt altar of Yredelemnul.
  2095 | D:3      | Found a glowing drain.
  2096 | D:3      | 2096 ||| READING scroll labelled ZELISCH CAUNEF.
  2097 | D:3      | 2097 ||| READING scroll labelled IDUNUDWONOL.
  2319 | D:3      | 2319 ||| Stepping ~*~*~tactically~*~*~ (stealth).
  2476 | D:3      | Reached XP level 5. HP: 18/32 MP: 5/5
  2535 | Sewer    | Entered a sewer
  2584 | Sewer    | Noticed a kobold brigand
  2599 | Sewer    | Killed a kobold brigand
  2600 | Sewer    | Reached skill level 5 in Axes
  2838 | Sewer    | Noticed a kobold brigand
  2862 | Sewer    | Killed a kobold brigand
  2863 | Sewer    | Reached skill level 1 in Dodging
  2863 | Sewer    | Reached XP level 6. HP: 16/37 MP: 6/6
  3286 | Sewer    | 3286 ||| READING scroll labelled CAYD ERECRO.
  3287 | Sewer    | 3287 ||| DRINKING 3 fuming white potions.
  3310 | D:3      | 3310 ||| PLANNING D:1-11
  3406 | D:3      | 3406 ||| Stepping ~*~*~tactically~*~*~ (stealth).
  3566 | D:3      | Found a glowing silver altar of Zin.
  3673 | D:3      | 3673 ||| READING scroll of enchant weapon.
  3673 | D:3      | 3673 ||| ENCHANTING +1 war axe.
  4012 | D:3      | 4012 ||| DRINKING 2 golden potions.
  4013 | D:3      | 4013 ||| READING 3 scrolls of identify.
  4013 | D:3      | 4013 ||| IDENTIFYING bubbling grey potion
  4014 | D:3      | 4014 ||| READING 2 scrolls of identify.
  4014 | D:3      | 4014 ||| IDENTIFYING amethyst potion
  4015 | D:3      | 4015 ||| DROPPING potion of magic.
  4016 | D:3      | 4016 ||| DROPPING potion of berserk rage.
  4028 | D:4      | Noticed Eustachio
  4040 | D:4      | HP: 8/38 [iron imp[Eustachio] (9)]
  4041 | D:4      | 4041 ||| READING scroll of teleportation.
  4041 | D:4      | HP: 2/38 [iguana (6)]
  4042 | D:4      | 4042 ||| DRINKING 2 potions of heal wounds.
  4046 | D:4      | 4046 ||| FLEEEEING.
  4047 | D:4      | 4047 ||| FLEEEEING.
  4048 | D:4      | 4048 ||| STAIRDANCE
  4126 | D:4      | 4126 ||| STAIRDANCE
  4134 | D:4      | 4134 ||| STAIRDANCE
  4271 | D:4      | 4271 ||| FLEEEEING.
  4272 | D:4      | 4272 ||| FLEEEEING.
  4273 | D:4      | 4273 ||| FLEEEEING.
  4274 | D:4      | 4274 ||| FLEEEEING.
  4275 | D:4      | 4275 ||| FLEEEEING.
  4285 | D:4      | 4285 ||| STAIRDANCE
  4298 | D:3      | 4298 ||| UPGRADING to +0 chain mail.
  4308 | D:3      | 4308 ||| DROPPING +0 scale mail.
  4311 | D:4      | 4311 ||| Stepping ~*~*~tactically~*~*~ (hiding).
  4312 | D:4      | 4312 ||| Stepping ~*~*~tactically~*~*~ (hiding).
  4443 | D:4      | Reached XP level 7. HP: 43/43 MP: 7/7
  4458 | D:4      | 4458 ||| Stepping ~*~*~tactically~*~*~ (stealth).
  4460 | D:4      | 4460 ||| Stepping ~*~*~tactically~*~*~ (stealth).
  4472 | D:4      | Reached skill level 6 in Axes
  4491 | D:4      | 4491 ||| FLEEEEING.
  4492 | D:4      | 4492 ||| FLEEEEING.
  4493 | D:4      | 4493 ||| FLEEEEING.
  4494 | D:4      | 4494 ||| FLEEEEING.
  4495 | D:4      | 4495 ||| FLEEEEING.
  4496 | D:4      | 4496 ||| STAIRDANCE
  4599 | D:4      | 4599 ||| STAIRDANCE
  4617 | D:3      | Killed Eustachio
  4791 | D:4      | Found Aluchig's Jewellery Shop.
  4800 | D:4      | 4800 ||| SHOPLISTING +4 ring of evasion (468 gold, have
                  | 215).
  4800 | D:4      | 4800 ||| SHOPLISTING +4 ring of protection (468 gold, have
                  | 215).
  4800 | D:4      | 4800 ||| SHOPLISTING +6 ring of dexterity (468 gold, have
                  | 215).
  4800 | D:4      | 4800 ||| SHOPLISTING +6 ring of strength (468 gold, have
                  | 215).
  4800 | D:4      | 4800 ||| SHOPLISTING amulet of regeneration (390 gold, have
                  | 215).
  4900 | D:5      | Entered Level 5 of the Dungeon
  4969 | D:5      | Reached skill level 7 in Axes
  5167 | D:5      | Found a broken altar of Ashenzari.
  5251 | D:5      | Found Poit's Armour Shop.
  5259 | D:5      | 5259 ||| BUYING +0 cloak (58 gold).
  5259 | D:5      | Bought a +0 cloak for 58 gold pieces
  5259 | D:5      | 5259 ||| BUYING +0 pair of boots (58 gold).
  5259 | D:5      | Bought a +0 pair of boots for 58 gold pieces
  5385 | D:5      | 5385 ||| Stepping ~*~*~tactically~*~*~ (stealth).
  5389 | D:5      | 5389 ||| Stepping ~*~*~tactically~*~*~ (stealth).
  5397 | D:5      | Noticed Duvessa
  5399 | D:5      | Noticed Dowan
  5400 | D:5      | 5400 ||| Stepping ~*~*~tactically~*~*~ (hiding).
  5403 | D:5      | Reached XP level 8. HP: 41/48 MP: 8/8
  5403 | D:5      | 5403 ||| DRINKING 4 potions of curing.
  5403 | D:5      | 5403 ||| (to cure confusion)
  5404 | D:5      | 5404 ||| DRINKING 3 potions of curing.
  5404 | D:5      | 5404 ||| (to cure confusion)
  5408 | D:5      | 5408 ||| Stepping ~*~*~tactically~*~*~ (hiding).
  5411 | D:5      | 5411 ||| Stepping ~*~*~tactically~*~*~ (hiding).
  5412 | D:5      | 5412 ||| FLEEEEING.
  5413 | D:5      | 5413 ||| FLEEEEING.
  5414 | D:5      | 5414 ||| STAIRDANCE
  5443 | D:4      | 5443 ||| UPGRADING to +0 cloak.
  5448 | D:4      | 5448 ||| UPGRADING to +0 pair of boots.
  5455 | D:5      | 5455 ||| STAIRDANCE
  5459 | D:5      | 5459 ||| STAIRDANCE
  5467 | D:4      | Killed Dowan
  5468 | D:4      | Reached skill level 1 in Throwing
  5470 | D:4      | Killed Duvessa
  5551 | D:4      | 5551 ||| UPGRADING to +3 chain mail of positive energy.
  5561 | D:4      | 5561 ||| DROPPING +0 chain mail.
  5568 | D:5      | 5568 ||| DRINKING 2 potions of curing.
  5568 | D:5      | 5568 ||| (to cure confusion)
  5578 | D:5      | Found a blossoming altar of Fedhas.
  5584 | D:5      | Found an iron altar of Okawaru.
  5585 | D:5      | 5585 ||| PLANNING OKAWARU WORSHIP
  5589 | D:5      | Became a worshipper of Warmaster Okawaru
  5590 | D:5      | 5590 ||| PLANNING D:1-11
  5594 | D:5      | Found a white marble altar of Elyvilon.
  5600 | D:5      | Found a stormy altar of Qazlal.
  5605 | D:5      | Found a hazy altar of Hepliaklqana.
  5611 | D:5      | Found an ornate altar of the Wu Jian Council.
  5615 | D:5      | Found an ancient bone altar of Kikubaaqudgha.
  5730 | D:5      | 5730 ||| Stepping ~*~*~tactically~*~*~ (stealth).
  5732 | D:5      | 5732 ||| Stepping ~*~*~tactically~*~*~ (stealth).
  5913 | D:6      | 5913 ||| Stepping ~*~*~tactically~*~*~ (hiding).
  5914 | D:6      | 5914 ||| Stepping ~*~*~tactically~*~*~ (hiding).
  5924 | D:6      | 5924 ||| Stepping ~*~*~tactically~*~*~ (stealth).
  5925 | D:6      | 5925 ||| Stepping ~*~*~tactically~*~*~ (stealth).
  5927 | D:6      | 5927 ||| Stepping ~*~*~tactically~*~*~ (stealth).
  5928 | D:6      | 5928 ||| Stepping ~*~*~tactically~*~*~ (stealth).
  5962 | D:6      | Reached skill level 8 in Axes
  5962 | D:6      | 5962 ||| FLEEEEING.
  5963 | D:6      | 5963 ||| FLEEEEING.
  5964 | D:6      | 5964 ||| FLEEEEING.
  5965 | D:6      | 5965 ||| FLEEEEING.
  5966 | D:6      | 5966 ||| FLEEEEING.
  5967 | D:6      | 5967 ||| FLEEEEING.
  5968 | D:6      | 5968 ||| FLEEEEING.
  5969 | D:6      | 5969 ||| FLEEEEING.
  5970 | D:6      | 5970 ||| FLEEEEING.
  5971 | D:6      | 5971 ||| FLEEEEING.
  5972 | D:6      | 5972 ||| FLEEEEING.
  5973 | D:6      | 5973 ||| FLEEEEING.
  5974 | D:6      | 5974 ||| FLEEEEING.
  5975 | D:6      | 5975 ||| STAIRDANCE
  6077 | D:5      | 6077 ||| UPGRADING to ring of protection from fire.
  6078 | D:5      | 6078 ||| READING 3 scrolls of identify.
  6078 | D:5      | 6078 ||| IDENTIFYING green potion
  6079 | D:5      | 6079 ||| DROPPING potion of brilliance.
  6081 | D:6      | Noticed Prince Ribbit
  6082 | D:6      | 6082 ||| STAIRDANCE
  6114 | D:6      | 6114 ||| STAIRDANCE
  6162 | D:6      | 6162 ||| STAIRDANCE
  6169 | D:6      | 6169 ||| STAIRDANCE
  6211 | D:6      | Killed Prince Ribbit
  6211 | D:6      | Reached * piety under Okawaru
  6212 | D:6      | Reached XP level 9. HP: 32/57 MP: 9/9
  6212 | D:6      | 6212 ||| STAIRDANCE
  6453 | D:6      | Found a staircase to the Ecumenical Temple.
  6511 | D:6      | Found a runed translucent door.
  6514 | D:6      | Noticed Crazy Yiuf
  6554 | D:6      | Reached skill level 1 in Invocations
  6588 | D:6      | Found Pabbuata's Jewellery Emporium.
  6591 | D:6      | 6591 ||| SHOPLISTING +4 ring of protection (468 gold, have
                  | 294).
  6591 | D:6      | 6591 ||| SHOPLISTING +6 ring of strength (468 gold, have
                  | 294).
  6591 | D:6      | 6591 ||| SHOPLISTING ring of ice (325 gold, have 294).
  6591 | D:6      | 6591 ||| SHOPLISTING ring of the Shouting Genius {rF+ rC+
                  | Str+2 Dex-2 SInv} (561 gold, have 294).
  6756 | D:6      | 6756 ||| DROPPING ring of magical power.
  6809 | D:7      | 6809 ||| Stepping ~*~*~tactically~*~*~ (stealth).
  6811 | D:7      | 6811 ||| Stepping ~*~*~tactically~*~*~ (stealth).
  7031 | D:7      | 7031 ||| DROPPING +0 flail.
  7094 | D:7      | 7094 ||| INVOKING Heroism.
  7111 | D:7      | Reached skill level 3 in Invocations
  7789 | D:7      | 7789 ||| DROPPING amulet of faith.
  7790 | D:7      | 7790 ||| READING 4 scrolls of identify.
  7790 | D:7      | 7790 ||| IDENTIFYING puce potion
  7791 | D:7      | 7791 ||| DROPPING potion of degeneration.
  7864 | D:8      | 7864 ||| Stepping ~*~*~tactically~*~*~ (stealth).
  7867 | D:8      | 7867 ||| Stepping ~*~*~tactically~*~*~ (stealth).
  7869 | D:8      | 7869 ||| Stepping ~*~*~tactically~*~*~ (hiding).
  7871 | D:8      | 7871 ||| Stepping ~*~*~tactically~*~*~ (hiding).
  7873 | D:8      | 7873 ||| Stepping ~*~*~tactically~*~*~ (hiding).
  7875 | D:8      | 7875 ||| INVOKING Heroism.
  7914 | D:8      | 7914 ||| Stepping ~*~*~tactically~*~*~ (stealth).
  7915 | D:8      | 7915 ||| Stepping ~*~*~tactically~*~*~ (stealth).
  7924 | D:8      | 7924 ||| Stepping ~*~*~tactically~*~*~ (stealth).
  7928 | D:8      | 7928 ||| Stepping ~*~*~tactically~*~*~ (stealth).
  7930 | D:8      | 7930 ||| Stepping ~*~*~tactically~*~*~ (stealth).
  7935 | D:8      | 7935 ||| Stepping ~*~*~tactically~*~*~ (stealth).
  7938 | D:8      | 7938 ||| INVOKING Heroism.
  7943 | D:8      | Reached skill level 9 in Axes
  7946 | D:8      | 7946 ||| Stepping ~*~*~tactically~*~*~ (hiding).
  7949 | D:8      | 7949 ||| Stepping ~*~*~tactically~*~*~ (hiding).
  7952 | D:8      | 7952 ||| Stepping ~*~*~tactically~*~*~ (hiding).
  7953 | D:8      | 7953 ||| Stepping ~*~*~tactically~*~*~ (hiding).
  7954 | D:8      | 7954 ||| Stepping ~*~*~tactically~*~*~ (hiding).
  7964 | D:8      | 7964 ||| Stepping ~*~*~tactically~*~*~ (stealth).
  7969 | D:8      | 7969 ||| Stepping ~*~*~tactically~*~*~ (stealth).
  7970 | D:8      | 7970 ||| INVOKING Heroism.
  7971 | D:8      | 7971 ||| Stepping ~*~*~tactically~*~*~ (stealth).
  8091 | D:8      | Found a staircase to the Lair.
  8239 | D:8      | Reached ** piety under Okawaru
  8352 | D:8      | 8352 ||| PLANNING LAIR
  8380 | Lair:1   | Entered Level 1 of the Lair of Beasts
  8381 | Lair:1   | 8381 ||| INVOKING Heroism.
  8381 | Lair:1   | Noticed Sonja
  8388 | Lair:1   | HP: 14/57 [Sonja/+2 short sword of distortion (5)]
  8389 | Lair:1   | 8389 ||| DRINKING potion of heal wounds.
  8392 | Lair:1   | HP: 6/57 [Sonja/+2 short sword of distortion (5)]
  8392 | Lair:1   | HP: 1/57 [wolf (2)]
  8393 | Lair:1   | Slain by Sonja

Levels and vault maps discovered:
D:1:      heliophobic_arrival_ceremonial_halls, layout_rooms, serial_forest,
          infiniplex_forest_split, infiniplex_forest_fountain,
          infiniplex_forest_end_3, infiniplex_forest_end_2,
          infiniplex_forest_lined_3, infiniplex_forest_end_2
D:2:      wander_river, layout_basic, kennysheep_nondescript, corexii_shack,
          corexii_hall_statues_x
D:3:      layout_basic, mainiacjoe_overflow_alcove_4,
          yredelemnul_forgotten_temple_becter, portal_sewer_entry_c,
          serial_rivers, chequers_serial_rivers_small_b,
          chequers_serial_rivers_room_a, chequers_serial_rivers_room_a,
          chequers_serial_rivers_marsh, chequers_serial_rivers_micro_d,
          guppyfry_early_orc_mine
D:4:      layout_rooms, serial_shops, nicolae_shop_hallway_plus, uniq_eustachio
D:5:      layout_loops_ring, mainiacjoe_overflow_small_starburst,
          grunt_temple_overflow_octagram, serial_shops, nicolae_stop_n_shop_2,
          chequers_decorated_corner, uniq_duvessa
D:6:      layout_cave_pools, temple_doors_e, serial_shops,
          nicolae_shop_behind_doors, serial_demonic, serial_demonic_c,
          serial_demonic_g, serial_demonic_c, serial_demonic_d,
          hellmonk_bongcloud_opening, uniq_prince_ribbit1,
          uniq_crazy_yiuf_cottage
D:7:      layout_basic, serial_aquarium, aquarium_bridge_square
          [aquarium_subvault_wall, aquarium_subvault_bridge,
          aquarium_subvault_wall, aquarium_subvault_wall], aquarium_window_1,
          aquarium_window_corner, aquarium_window_double, aquarium_window_fake,
          aquarium_view_4, aquarium_view_2d, aquarium_pool_2,
          nicolae_lava_and_water
D:8:      layout_gridville, erik_lair_orcish_takeover
Lair:1:   lemuel_slime, layout_small_grid, portal_ice_cave_rime, uniq_amaemon,
          uniq_sonja

Skill      XL: |  1  2  3  4  5  6  7  8  9 |
---------------+----------------------------+-----
Axes           | 2 3 4 5 7 8 9 |  9.7
Dodging        | 1 |  1.9
Fighting       | 4 7 |  7.0
Throwing       | 1 |  1.2
Armour         | 4 5 |  5.1
Invocations    | 4 |  4.0
Shields        | 4 |  4.1

Action                   |  1- 3 |  4- 6 |  7- 9 || total
-------------------------+-------+-------+-------++-------
Melee: War axe           |   121 |   246 |   295 ||   662
Throw: Boomerang         |       |    11 |    58 ||    69
Invok: Heroism           |       |       |     5 ||     5
  Use: Scroll            |     4 |    10 |     2 ||    16
       Potion            |     2 |     3 |     4 ||     9
Armor: Scale mail        |    68 |   124 |       ||   192
       Chain mail        |       |     2 |   231 ||   233
Dodge: Dodged            |    48 |   114 |   121 ||   283
Block: Buckler           |    20 |    47 |    51 ||   118

Table legend:
 A = Non-vault XP
 B = Vault XP
 C = Vault XP percentage of total XP
 D = Non-vault monster count
 E = Vault monster count
 F = Vault count percentage of total count
                 A         B        C        D         E       F
            +---------+---------+-------+---------+---------+-------
      Total |    2790 |    1648 |  37.1 |     150 |      60 |  28.6
            +---------+---------+-------+---------+---------+-------
        D:1 |      44 |       0 |   0.0 |      27 |       0 |   0.0
        D:2 |      52 |       2 |   3.7 |      21 |       1 |   4.5
        D:3 |      72 |     247 |  77.4 |      25 |      15 |  37.5
        D:4 |     131 |     209 |  61.5 |      16 |       2 |  11.1
        D:5 |     605 |       0 |   0.0 |      24 |       0 |   0.0
        D:6 |     475 |     357 |  42.9 |       6 |       8 |  57.1
        D:7 |     737 |       0 |   0.0 |      15 |       0 |   0.0
        D:8 |     334 |     524 |  61.1 |      13 |       6 |  31.6
     Lair:1 |     340 |       0 |   0.0 |       3 |       0 |   0.0
      Sewer |       0 |     309 | 100.0 |       0 |      28 | 100.0
            +---------+---------+-------+---------+---------+-------
